 Dungeon Crawl Stone Soup version 0.29-a0-369-gd956c00756 (webtiles) character file.

Game seed: 15103947944949261239

293 jlumianski the Covered (level 6, -3/47 HPs)
             Began as a Demonspawn Fighter on May 2, 2022.
             Was an Initiate of Qazlal.
             Slain by a gnoll
             ... wielding a +0 flail
             ... led by a gnoll shaman
              (10 damage)
             ... on level 4 of the Dungeon.
             The game lasted 00:10:46 (3797 turns).

jlumianski the Covered (Demonspawn Fighter)         Turns: 3797, Time: 00:10:46

Health: -3/47      AC:  7    Str: 19    XL:     6   Next: 11%
Magic:  6/6        EV: 12    Int:  9    God:    Qazlal [......]
Gold:   99         SH:  8    Dex: 12    Spells: 5/5 levels left

rFire   . . .      SeeInvis .   a - +0 war axe
rCold   . . .      Faith    .   c - +0 buckler
rNeg    . . .      Spirit   .   b - +0 scale mail
rPois   .          Reflect  .   (no helmet)
rElec   .          Harm     .   (no cloak)
rCorr   .          Rampage  .   (no gloves)
Will    +....                   (no boots)
Stlth   ..........              (no amulet)
HPRegen 0.15/turn               l - ring of willpower
MPRegen 0.10/turn               (no ring)

@: no status effects
A: repulsion field 2, condensation shield, weakness stinger 1
a: Renounce Religion


You were on level 4 of the Dungeon.
You worshipped Qazlal.
Qazlal was noncommittal.
You visited 2 branches of the dungeon, and saw 6 of its levels.

You collected 99 gold pieces.

Inventory:

Hand Weapons
 a - a +0 war axe (weapon)
 n - a +1 flail of protection
Missiles
 k - 86 stones (quivered)
 m - 2 throwing nets
 v - 6 atropa-tipped darts
Armour
 b - a +0 scale mail (worn)
 c - a +0 buckler (worn)
Jewellery
 i - a ring of ice
 l - a ring of willpower (left hand)
 o - an amulet of faith
Scrolls
 e - a scroll of immolation
 g - 4 scrolls of fear
 p - a scroll of teleportation
Potions
 d - a potion of might
 f - 4 potions of curing
 j - a potion of flight
 r - 2 potions of haste
 s - a potion of cancellation
 u - a potion of heal wounds


   Skills:
 + Level 3.4 Fighting
 + Level 3.3 Axes
 + Level 0.4 Throwing
 + Level 3.9 Armour
 + Level 1.5 Dodging
 + Level 3.8 Shields


You had 5 spell levels left.
You didn't know any spells.
Your spell library contained the following spells:

 Spells                   Type           Power      Damage    Failure   Level
 Scorch                   Fire           0%         2d5       93%         2
 Confusing Touch          Hex            0%         N/A       99%         3
 Flame Wave               Conj/Fire      0%         2d4       100%        4
 Fireball                 Conj/Fire      0%         3d3       100%        5
 Iskenderun's Battlesphe  Conj           0%         2d6       100%        5
 Yara's Violent Unravell  Hex/Tmut       0%         3d3       100%        5
 Conjure Ball Lightning   Conj/Air       0%         3x3d6     100%        6
 Summon Cactus Giant      Summ           0%         N/A       100%        6
 Enfeeble                 Hex            0%         N/A       100%        7
 Orb of Destruction       Conj           0%         9d5       100%        7


Dungeon Overview and Level Annotations

Branches:
Dungeon (5/15)             Temple (1/1) D:4

Altars:
Cheibriados
Dithmenos
Elyvilon
Gozag
Kikubaaqudgha
Nemelex Xobeh
Okawaru
Qazlal
Ru
Uskayaw
Vehumet
Wu Jian
Xom
Yredelemnul
Zin
The Shining One


Innate Abilities, Weirdness & Mutations

You are surrounded by a moderate repulsion field. (EV +3)
A meltable shield of frost defends you. (SH +4)
You have a small tail.


Message History

You see here a +0 whip.
A gnoll shaman and a gnoll come into view.
The gnoll shaman shouts!
You hear a shout!
A gnoll comes into view. It is wielding a +0 spear.
The gnoll moves out of view. 3 gnolls and 2 orc wizards come into view.
An orc wizard is wielding a +0 dagger of draining.
An orc wizard is wielding a +2 dagger of draining.
The gnoll shouts! x2; The orc wizard shouts! x3
The gnoll hits you but does no damage. You block the gnoll's attack.
You block the gnoll's attack.
The orc wizard gestures wildly while chanting.
The orc wizard flickers and vanishes!
Deactivating autopickup; reactivate with Ctrl-A.
The gnoll attacks as you move away! The gnoll hits you with a +0 flail!
What are your orders? t - Shout!
Orders for allies: a - Attack new target. r - Retreat! s - Stop attacking. g - Guard the area. f - Follow me.
Anything else - Cancel.
Okay, then.
Unknown command.
Unknown command.
The gnoll attacks as you move away! The gnoll hits you but does no damage.
The gnoll attacks as you move away! The gnoll misses you.
The gnoll attacks as you move away! The gnoll hits you with a +0 flail!
The gnoll attacks as you move away! The gnoll hits you with a +0 flail.
The gnoll attacks as you move away! You block the gnoll's attack.
The orc wizard casts a spell.
The orc wizard flickers and vanishes!
The gnoll attacks as you move away! The gnoll hits you with a +0 flail.
The gnoll attacks as you move away! The gnoll closely misses you.
The gnoll attacks as you move away! The gnoll hits you with a +0 flail.
The gnoll attacks as you move away! The gnoll hits you with a +0 flail!
* * * LOW HITPOINT WARNING * * *
The gnoll attacks as you move away! The gnoll hits you with a +0 flail.
* * * LOW HITPOINT WARNING * * *
The gnoll attacks as you move away! The gnoll hits you with a +0 flail!
You die...

#.......#.#
##.#.#+#.#.#.###
.......>.#......
##.#....<..#.# #
##...##.#.#
#.........#.#
############# #.#
#........g..# ...
#.......@##.#
#.#########
#..<......#.#
#.#.†......
#.........#o#
#.#.#######
#.#######.#g###.#.#...#
# #. .#...#.#.....# # #
.#...#.###.#####
########...g..g..)....
.........##.####.#####
######.###.# #.#


You could see a gnoll.

Vanquished Creatures
  A necrophage (D:1)
  An orc priest (D:2)
  An orc wizard (D:2)
  8 gnolls
  5 adders
  A worm (D:2)
  A dart slug (D:2)
  2 orcs
  8 bats
  6 endoplasms
  2 goblins (D:1)
  8 hobgoblins
  5 kobolds
  2 quokkas (D:2)
  9 ball pythons
  3 frilled lizards
  3 rats (D:1)
  A spectral kobold (D:3)
67 creatures vanquished.

Notes
Turn   | Place    | Note
-------+----------+-------------------------------------------
     0 | D:1      | jlumianski the Demonspawn Fighter began the quest for the
                  | Orb.
     0 | D:1      | Reached XP level 1. HP: 18/18 MP: 1/1
   135 | D:2      | Noticed a necrophage
   346 | D:1      | Gained mutation: A meltable shield of frost defends you.
                  | (SH +4) [demonic ancestry]
   346 | D:1      | Reached XP level 2. HP: 12/24 MP: 2/2
  1336 | D:1      | Gained mutation: You are surrounded by a mild repulsion
                  | field. (EV +2) [demonic ancestry]
  1336 | D:1      | Reached XP level 3. HP: 26/29 MP: 3/3
  1535 | D:1      | Killed a necrophage
  1536 | D:1      | Reached XP level 4. HP: 17/35 MP: 4/4
  1856 | D:2      | Gained mutation: You have a small tail. [demonic ancestry]
  1856 | D:2      | Reached XP level 5. HP: 35/41 MP: 5/5
  1944 | D:5      | Entered Level 5 of the Dungeon
  2052 | D:3      | Found a faded altar of an unknown god.
  2352 | D:2      | Reached skill level 1 in Dodging
  2783 | D:2      | Gained mutation: You are surrounded by a moderate repulsion
                  | field. (EV +3) [demonic ancestry]
  2783 | D:2      | Reached XP level 6. HP: 27/47 MP: 6/6
  3543 | D:4      | Found a staircase to the Ecumenical Temple.
  3559 | Temple   | Entered the Ecumenical Temple
  3668 | Temple   | Became a worshipper of Qazlal Stormbringer
  3797 | D:4      | Slain by a gnoll

Illustrated notes

Levels and vault maps discovered:
D:1:      dpeg_arrival_shrine, layout_basic
D:2:      layout_loops_ring
D:3:      layout_rooms, dreamdust_ecumenical_altar_drowned_temple,
          minmay_three_crescents
D:4:      layout_basic, chequers_temple_overflow_minitemple,
          minmay_temple_entry_statues_pillars, ebering_ghost_sewer_f,
          interstate_on_off, minmay_shop_mass, minmay_crystal_room,
          minmay_snake_closets, uniq_edmund, uniq_pikel
D:5:      layout_loops_ring, makhleb_grotto_becter, minmay_divided_ellipse
Temple:   nicolae_temple_elliptical

Skill      XL: |  1  2  3  4  5 |
---------------+----------------+-----
Shields        | 3 |  3.8
Axes           | 2 3 |  3.3
Armour         | 3 |  3.9
Dodging        | 1 |  1.5
Fighting       | |  3.4
Throwing       | |  0.4

Action                   |  1- 3 |  4- 6 || total
-------------------------+-------+-------++-------
Melee: War axe           |    80 |   143 ||   223
       Tailslap          |       |    16 ||    16
Throw: Stone             |     5 |     3 ||     8
  Use: Scroll            |       |    12 ||    12
Armor: Scale mail        |    51 |    46 ||    97
Dodge: Dodged            |    38 |    72 ||   110
Block: Buckler           |    42 |    66 ||   108

Table legend: (Time is in decaauts)
 A = Elapsed time spent in this place.
 B = Non-inter-level travel time spent in this place.
 C = Inter-level travel time spent in this place.
 D = Time resting spent in this place.
 E = Time spent auto-exploring this place.
 F = Levels seen in this place.
 G = Mean time per level.
                   A        B        C        D        E       F      G
               +--------+--------+--------+--------+--------+-----+--------+
         Total |   3897 |   3848 |     49 |    695 |   1970 |   6 |  649.5 |
       Dungeon |   3773 |   3724 |     49 |    695 |   1885 |   5 |  754.6 |
        Temple |    123 |    123 |      0 |      0 |     85 |   1 |  123.0 |
               +--------+--------+--------+--------+--------+-----+--------+

Top non-repeatable levels by time:
     D:1: 1719 daAuts
     D:2: 1555 daAuts
     D:3: 299 daAuts
     D:4: 190 daAuts
  Temple: 123 daAuts
     D:5: 8 daAuts
